 Dungeon Crawl Stone Soup version 0.31-a0-174-g85c54bcb58 (webtiles) character file.

Game seed: 14167890636986807523

193 qw the Shooter (level 5, -1/33 HPs)
             Began as a Gargoyle Hunter on June 15, 2023.
             Killed by divine providence
             ... invoked by an orc priest
              (15 damage)
             ... on level 4 of the Dungeon.
             The game lasted 00:01:13 (2632 turns).

qw the Shooter (Gargoyle Hunter)                    Turns: 2632, Time: 00:01:13

Health: -1/33      AC: 11    Str: 15    XL:     5   Next: 72%
Magic:  5/5        EV: 11    Int:  9    God:
Gold:   187        SH:  0    Dex: 15    Spells: 4/4 levels left

rFire   . . .        Y - +0 shortbow
rCold   . . .        (shield currently unavailable)
rNeg    + . .        j - +0 ring mail
rPois   inf          l - +1 helmet
rElec   +            (no cloak)
rCorr   .            (no gloves)
SInv    .            (no boots)
Will    .....        (no amulet)
Stlth   +            (no ring)
HPRegen 0.25/turn    (no ring)
MPRegen 0.09/turn

%: no passive effects
@: no status effects
A: sickness immunity, AC +4, negative energy resistance 1, electricity
resistance, torment resistance 1, petrification resistance, talons 1, screaming
1
a: no special abilities


You were on level 4 of the Dungeon.
You visited 1 branch of the dungeon, and saw 4 of its levels.

You collected 187 gold pieces.


Innate Abilities, Weirdness & Mutations

You are immune to sickness and miasma.
Your stone body is resilient. (AC +4)
You are immune to poison.
You resist negative energy. (rN+)
You are resistant to electric shocks. (rElec)
You are resistant to unholy torment.
You are immune to petrification.
You have sharp toenails.
You occasionally shout uncontrollably at your foes.


   Skills:
 + Level 3.7 Fighting
 - Level 6.0 Ranged Weapons
 - Level 1.2 Armour
 - Level 1.5 Dodging
 - Level 1.1 Stealth


You had 4 spell levels left.
You didn't know any spells.
Your spell library was empty.

Inventory:

Hand Weapons
 Y - a +0 shortbow (weapon)
Armour
 j - a +0 ring mail (worn)
 l - a +1 helmet (worn)
Scrolls
 e - a scroll of identify
Potions
 f - a potion of attraction
 g - a potion of haste

Dungeon Overview and Level Annotations

Branches:
Dungeon (4/15)
 Temple: D:4-7

Altars:
Ashenzari
Ru
Sif Muna
Trog
Yredelemnul

Annotations:
D:3 exclusion: 3 gnolls


Message History

The orc warrior is moderately wounded.
An orc priest comes into view. It is wielding a +0 dagger.
An orc comes into view. It is wielding a +0 mace.
You shoot an arrow. The orc priest shouts!
The orc shouts!
The arrow hits the orc warrior.
The orc warrior is moderately wounded.
You hear a shout!
An ufetubus comes into view.
You shoot an arrow.
The arrow barely misses the orc warrior.
The arrow hits the orc!
You kill the orc!
The orc warrior hits you from afar with a +0 halberd!
You shoot an arrow.
The arrow closely misses the orc warrior.
The arrow barely misses the orc priest.
The orc warrior hits you but does no damage.
You shoot an arrow. The arrow hits the orc warrior.
The orc warrior is heavily wounded.
The orc warrior hits you from afar with a +0 halberd.
The orc priest calls upon Beogh to heal the orc warrior.
The orc warrior is healed somewhat.
The orc warrior barely misses you.
You shoot an arrow. The arrow hits the ufetubus.
The ufetubus is moderately wounded.
The ufetubus hits you.
The ufetubus hits you but does no damage.
The orc warrior closely misses you. The ufetubus closely misses you.
The ufetubus hits you but does no damage.
You shoot an arrow. The arrow misses the ufetubus.
The arrow closely misses the orc warrior.
The ufetubus barely misses you. x2; The orc barely misses you.
The orc warrior hits you but does no damage.
You shoot an arrow. The arrow hits the ufetubus.
The ufetubus is severely wounded.
The ufetubus hits you but does no damage.
The ufetubus closely misses you.
The orc priest mumbles some strange prayers to Beogh against you.
Beogh smites you!
You die...

##### #....
#..._ #. #.._8
... #..._
##.... #....
#......
#.#..###o......
#....<#@5o)...#
###..)..o......
#..............
##..........#..
#....##.....# .
##... #.#.....
#.## .........
## .......#.
.....##


You could see an orc warrior, an orc priest, an orc and an ufetubus.

Vanquished Creatures
  An orc wizard (D:4)
  2 adders (D:2)
  5 gnolls (D:3)
  A white imp (D:3)
  A worm (D:2)
  3 dart slugs
  7 orcs
  7 ball pythons
  4 bats
  9 endoplasms
  2 giant cockroaches
  10 goblins
  3 hobgoblins
  3 jackals (D:1)
  2 quokkas
  6 frilled lizards
  8 kobolds
  4 rats
78 creatures vanquished.

Notes
Turn   | Place    | Note
-------+----------+-------------------------------------------
     0 | D:1      | qw the Gargoyle Hunter began the quest for the Orb.
     0 | D:1      | Reached XP level 1. HP: 12/12 MP: 1/1
     0 | D:1      | 0 ||| qw: Version: 0.2-a-29-g511e9b1
     0 | D:1      | 0 ||| qw: Game counter: 5535
     0 | D:1      | 0 ||| qw: Always use a shield: true
     0 | D:1      | 0 ||| qw: God list: Okawaru
     0 | D:1      | 0 ||| qw: Allow faded altars: false
     0 | D:1      | 0 ||| qw: Do Orc after D:15 true
     0 | D:1      | 0 ||| qw: Do second Lair branch before Depths: true
     0 | D:1      | 0 ||| qw: Lair rune preference: random
     0 | D:1      | 0 ||| qw: Plans: Normal, Zot:1-4, Slime:5, God:TSO, Crypt,
                  | Tomb, Abyss, Pan, Hells, Win
     0 | D:1      | 0 ||| PLANNING D:1-11
   117 | D:1      | Reached XP level 2. HP: 13/17 MP: 2/2
   124 | D:1      | HP: 3/17 [jackal (3)]
   126 | D:1      | HP: 1/17 [jackal (2)]
   346 | D:1      | 346 ||| FLEEEEING.
   347 | D:1      | 347 ||| FLEEEEING.
   496 | D:1      | Reached XP level 3. HP: 21/21 MP: 3/3
   646 | D:1      | Reached skill level 5 in Ranged Weapons
   890 | D:1      | 890 ||| READING 2 scrolls labelled HAZ DOSCHEEGIAMO.
   891 | D:1      | 891 ||| READING 2 scrolls labelled TAEPET POMEU.
   892 | D:1      | 892 ||| DRINKING 2 murky purple potions.
   893 | D:1      | 893 ||| DROPPING scroll of revelation.
   894 | D:1      | 894 ||| DROPPING scroll of butterflies.
  1061 | D:2      | Reached skill level 3 in Fighting
  1143 | D:2      | Reached XP level 4. HP: 28/28 MP: 4/4
  1589 | D:2      | 1589 ||| UPGRADING to +0 helmet.
  1594 | D:2      | 1594 ||| UPGRADING to +0 ring mail.
  1604 | D:2      | 1604 ||| DROPPING +0 leather armour.
  1605 | D:2      | 1605 ||| READING scroll labelled HEIFUCZ KAKHLIA.
  1606 | D:2      | 1606 ||| READING scroll labelled POYFFUMNEI.
  1607 | D:2      | 1607 ||| DRINKING 2 bubbling brown potions.
  1694 | D:3      | Found a shimmering blue altar of Sif Muna.
  1723 | D:3      | Found a bloodstained altar of Trog.
  1732 | D:3      | Reached skill level 1 in Armour
  1891 | D:3      | You fall into a shaft and drop 1 floor!
  1898 | D:4      | 1898 ||| FLEEEEING.
  1899 | D:4      | 1899 ||| FLEEEEING.
  1900 | D:4      | 1900 ||| FLEEEEING.
  1901 | D:4      | 1901 ||| STAIRDANCE
  2096 | D:3      | Reached XP level 5. HP: 32/32 MP: 5/5
  2319 | D:3      | Reached skill level 6 in Ranged Weapons
  2530 | D:3      | 2530 ||| UPGRADING to +1 helmet.
  2540 | D:3      | 2540 ||| DROPPING +0 helmet.
  2541 | D:3      | 2541 ||| DROPPING ring of wizardry.
  2542 | D:3      | 2542 ||| READING scroll labelled FYEDUN QAAT.
  2543 | D:3      | 2543 ||| READING scroll labelled SUS ESUL QOE.
  2544 | D:3      | 2544 ||| READING 2 scrolls labelled LOYGUST ZACZO.
  2545 | D:3      | 2545 ||| READING scroll labelled BOCKUT EDIS.
  2546 | D:3      | 2546 ||| DRINKING 2 lumpy red potions.
  2547 | D:3      | 2547 ||| DRINKING 2 inky potions.
  2547 | D:3      | Gained mutation: You are partially covered in iridescent
                  | scales. (AC +2) [potion of mutation]
  2547 | D:3      | Gained mutation: Armour fits poorly on your strangely
                  | shaped body. [potion of mutation]
  2547 | D:3      | Gained mutation: You occasionally lose the ability to drink
                  | potions when taking damage. [potion of mutation]
  2548 | D:3      | 2548 ||| DRINKING potion of mutation.
  2548 | D:3      | Lost mutation: You occasionally lose the ability to drink
                  | potions when taking damage. [potion of mutation]
  2548 | D:3      | Lost mutation: Armour fits poorly on your strangely shaped
                  | body. [potion of mutation]
  2548 | D:3      | Lost mutation: You are partially covered in iridescent
                  | scales. (AC +2) [potion of mutation]
  2548 | D:3      | Gained mutation: You have sharp toenails. [potion of
                  | mutation]
  2548 | D:3      | Gained mutation: You occasionally shout uncontrollably at
                  | your foes. [potion of mutation]
  2549 | D:3      | 2549 ||| DROPPING potion of invisibility.
  2550 | D:3      | 2550 ||| DROPPING scroll of summoning.
  2614 | D:4      | Found a sacrificial altar of Ru.
  2614 | D:4      | Found a basalt altar of Yredelemnul.
  2614 | D:4      | Found a broken altar of Ashenzari.
  2622 | D:4      | Noticed an orc warrior
  2632 | D:4      | Killed from afar by an orc priest

Levels and vault maps discovered:
D:1:      dpeg_arrival_rhombi, layout_basic, serial_forest,
          infiniplex_forest_lined_room_2, infiniplex_forest_end_1,
          infiniplex_forest_lined_4_way, infiniplex_forest_straight_2,
          infiniplex_forest_clump_medium
D:2:      layout_loops_cross
D:3:      layout_loops_ring, nzn_overflow_gifts_of_might_and_magic,
          minmay_randomly_rotated_circles
D:4:      layout_cave_pools, chequers_temple_overflow_statue_of_worship,
          tso_oasis_becter, uniq_natasha, uniq_ijyb, uniq_edmund, uniq_duvessa

Skill      XL: |  1  2  3  4  5 |
---------------+----------------+-----
Ranged Weapons | 5 6 |  6.0
Fighting       | 3 |  3.7
Armour         | 1 |  1.2
Dodging        | |  1.5
Stealth        | |  1.1

Action                     |  1- 3 |  4- 6 || total
---------------------------+-------+-------++-------
   Fire: Shortbow          |   112 |   137 ||   249
    Use: Scroll            |     2 |     6 ||     8
         Potion            |     1 |     4 ||     5
 Armour: Leather armour    |    19 |     3 ||    22
         Ring mail         |       |    19 ||    19
  Dodge: Dodged            |    40 |    36 ||    76

Table legend:
 A = Non-vault XP
 B = Vault XP
 C = Vault XP percentage of total XP
 D = Non-vault monster count
 E = Vault monster count
 F = Vault count percentage of total count
                 A         B        C        D         E       F
            +---------+---------+-------+---------+---------+-------
      Total |     241 |      36 |  13.0 |      70 |       8 |  10.3
            +---------+---------+-------+---------+---------+-------
        D:1 |      42 |       0 |   0.0 |      24 |       0 |   0.0
        D:2 |      67 |       0 |   0.0 |      23 |       0 |   0.0
        D:3 |      92 |      36 |  28.1 |      21 |       8 |  27.6
        D:4 |      40 |       0 |   0.0 |       2 |       0 |   0.0
            +---------+---------+-------+---------+---------+-------
